 Dungeon Crawl Stone Soup version 0.29.0 (webtiles) character file.

Game seed: 10152678145864350547

54 DemonSlayer the Firebug (level 3, -4/24 HPs)
             Began as a Demonspawn Fire Elementalist on Aug 25, 2022.
             Slain by a gnoll
             ... wielding a +0 club
              (6 damage)
             ... on level 2 of the Dungeon.
             The game lasted 00:03:22 (2888 turns).

DemonSlayer the Firebug (DsFE)                      Turns: 2888, Time: 00:03:22

Health: -4/24      AC:  4    Str:  8    XL:     3   Next: 66%
Magic:  3/6        EV: 12    Int: 16    God:
Gold:   116        SH:  0    Dex: 13    Spells: 1/7 levels left

rFire   + . .      SeeInvis .   e - +0 mace
rCold   + . .      Faith    .   (no shield)
rNeg    . . .      Spirit   .   c - +1 robe {rC+}
rPois   .          Reflect  .   n - +0 helmet
rElec   .          Harm     .   (no cloak)
rCorr   .          Rampage  .   (no gloves)
Will    .....                   (no boots)
Stlth   ++........              (no amulet)
HPRegen 0.08/turn               d - ring of protection from fire
MPRegen 0.10/turn               (no ring)

@: no status effects
A: ignite blood 1, demonic touch 1, deterioration 1, dopey 1
a: no special abilities


You were on level 2 of the Dungeon.
You visited 1 branch of the dungeon, and saw 3 of its levels.

You collected 116 gold pieces.

Inventory:

Hand Weapons
 e - a +0 mace (weapon)
Armour
 c - a +1 robe of cold resistance (worn)
 n - a +0 helmet (worn)
Jewellery
 d - a ring of protection from fire (left hand)
Scrolls
 a - a scroll of vulnerability {unknown}
 g - 2 scrolls of teleportation {unknown}
 h - 2 scrolls of enchant armour {unknown}
 l - 2 scrolls of immolation {unknown}
Potions
 b - a potion of magic
 f - a potion of mutation
 i - a potion of flight


   Skills:
 + Level 2.0 Dodging
 + Level 2.4 Stealth
 + Level 2.6 Spellcasting
 + Level 1.8 Conjurations
 + Level 3.0 Fire Magic


You had one spell level left.
You knew the following spells:

 Your Spells              Type           Power      Damage    Failure   Level
a - Foxfire               Conj/Fire      36%        2x1d5     8%          1
b - Scorch                Fire           22%        2d6       9%          2
c - Conjure Flame         Conj/Fire      9%         6-21      22%         3

Your spell library contained the following spells:

 Spells                   Type           Power      Damage    Failure   Level
 Inner Flame              Hex/Fire       6%         N/A       30%         3
 Ozocubu's Armour         Ice            2%         N/A       52%         3
 Flame Wave               Conj/Fire      9%         2d6       58%         4
 Metabolic Englaciation   Hex/Ice        1%         N/A       99%         5
 Simulacrum               Ice/Necr       1%         N/A       100%        6


Dungeon Overview and Level Annotations

Branches:
Dungeon (3/15)

Altars:


Innate Abilities, Weirdness & Mutations

Your demonic aura sometimes causes spilled blood to erupt in flames.
Your touch may inflict minor irresistible damage on your foes.
Your body sometimes deteriorates upon taking damage.
You are dopey. (Int -2)


Message History

Things that are here:
a +0 club; a gnoll corpse You hit the gnoll.
The gnoll is heavily wounded.
The gnoll hits you from afar with a +0 halberd!
The gnoll hits you with a +0 club. The gnoll attacks as you move away!
The gnoll barely misses you. The gnoll attacks as you move away!
The gnoll barely misses you. The gnoll attacks as you move away!
The gnoll hits you with a +0 club. The gnoll attacks as you move away!
The gnoll closely misses you. The gnoll attacks as you move away!
The gnoll closely misses you.
There is a stone staircase leading up here.
The gnoll hits you with a +0 club.
* * * LOW HITPOINT WARNING * * *
You climb upwards.
There is a stone staircase leading down here.
You barely miss the gnoll.
The gnoll is heavily wounded.
The gnoll hits you with a +0 club.
* * * LOW HITPOINT WARNING * * *
The gnoll misses you.
It was a potion of flight.
You feel very buoyant.
You fly up into the air.
The gnoll barely misses you.
It was a potion of mutation.
You feel extremely strange.
You feel stupid.
You feel yourself wasting away. The gnoll barely misses you.
It was a potion of brilliance.
You feel clever all of a sudden. The gnoll hits you but does no damage.
It was a potion of cancellation.
Your magical effects are unravelling.
You feel magically purged.
You float gracefully downwards.
You feel a little less clever now. The gnoll barely misses you.
The gnoll attacks as you move away! The gnoll misses you.
As you read the scroll labelled BEFFUHE ZAFU, it crumbles to dust.
Wisps of shadow whirl around you...
It was a scroll of summoning.
The gnoll hits you with a +0 club.
You die...

######## .......# ######
###### .......# #....#
#....# .......###....#
#.##.#
.†......##....###.#..#
#'#.....##..........##
#.#.....#####.####..#
#.#.....#####.##.g..#####
#.#######.....g.@S#.....#
#.#######.........#####.#
#.##....'.........# #)#
..##.#.##.........#####.#
####.#.##............##.#
#.#.##.........##.##.#
#.#.#########...#.##.#
####.#......####...#....#
.....#..###.#...........#


You could see a gnoll (ally target), a friendly adder (summoned) and a friendly
goblin (summoned).

Vanquished Creatures
  A gnoll (D:3)
  An adder (D:2)
  A dart slug (D:1)
  3 ball pythons
  4 bats
  4 endoplasms
  3 giant cockroaches
  2 goblins (D:2)
  2 hobgoblins
  5 kobolds
  A quokka (D:2)
  A frilled lizard (D:1)
  3 rats
31 creatures vanquished.

Vanquished Creatures (others)
  62 foxfires
  A plant (D:3)
63 creatures vanquished.

Grand Total: 94 creatures vanquished

Notes
Turn   | Place    | Note
-------+----------+-------------------------------------------
     0 | D:1      | DemonSlayer the Demonspawn Fire Elementalist began the
                  | quest for the Orb.
     0 | D:1      | Reached XP level 1. HP: 13/13 MP: 3/3
   651 | D:1      | Gained mutation: Your demonic aura sometimes causes spilled
                  | blood to erupt in flames. [demonic ancestry]
   651 | D:1      | Reached XP level 2. HP: 17/19 MP: 5/5
   663 | D:1      | Learned a level 2 spell: Scorch
  1347 | D:1      | You fall into a shaft and drop 1 floor!
  1614 | D:2      | Identified the +1 chain mail "Foth" {-Cast Str+7}
  1665 | D:2      | Gained mutation: Your touch may inflict minor irresistible
                  | damage on your foes. [demonic ancestry]
  1665 | D:2      | Reached XP level 3. HP: 24/24 MP: 0/6
  2276 | D:2      | Reached skill level 3 in Fire Magic
  2527 | D:2      | Learned a level 3 spell: Conjure Flame
  2882 | D:2      | HP: 1/24 [gnoll/+0 club (3)]
  2884 | D:2      | Gained mutation: You are dopey. (Int -2) [potion of
                  | mutation]
  2884 | D:2      | Gained mutation: Your body sometimes deteriorates upon
                  | taking damage. [potion of mutation]
  2888 | D:2      | Slain by a gnoll

Illustrated notes

Levels and vault maps discovered:
D:1:      tarquinn_simple_flora_water_e, layout_loops_corners, chequers_avenue,
          minmay_hexomino_p4
D:2:      minmay_spotlight, layout_basic, minivault_23, nicolae_titane
D:3:      layout_basic, lemuel_round_altar, mainiacjoe_overflow_catch_the_wave,
          serial_shops, shop_statue, chequers_big_river

Skill      XL: |  1  2  3 |
---------------+----------+-----
Stealth        | 2 |  2.4
Dodging        | 2 |  2.0
Fire Magic     | 3 |  3.0
Spellcasting   | |  2.6
Conjurations   | |  1.8

Action                   || total
-------------------------++-------
Melee: Unarmed           ||     6
       Mace              ||    27
       Punch             ||     1
       Touch             ||     1
 Cast: Foxfire           ||    38
       Scorch            ||    16
  Use: Potion            ||     4
       Scroll            ||     1
Armor: Robe              ||     9
Dodge: Dodged            ||    28
